 Dungeon Sprint DCSS version 0.29.1-2-gbd0b4ee654 (webtiles) character file.

Game seed: 1745562597063670922

2043 Zeld the Severer (level 9, -5/133 HPs)
             Began as a Minotaur Berserker on Oct 27, 2022.
             Was an Elder of Trog.
             Slain by a centaur warrior (7 damage)
             ... in the Dungeon (Sprint I: "Red Sonja").
             The game lasted 00:02:20 (1797 turns).

Zeld the Severer (Minotaur Berserker)               Turns: 1797, Time: 00:02:20

Health: -5/133     AC:  3    Str: 26    XL:     9   Next: 4%
Magic:  8/8        EV: 15    Int:  4    God:    Trog [****..]
Gold:   193        SH:  0    Dex: 10    Spells: 8/8 levels left

rFire   . . .      SeeInvis .   a - +0 hand axe
rCold   . . .      Faith    .   (no shield)
rNeg    . . .      Spirit   .   b - +0 animal skin
rPois   .          Reflect  .   (helmet restricted)
rElec   .          Harm     .   (no cloak)
rCorr   .          Rampage  .   (no gloves)
Will    .....      NoTele   +   (no boots)
Stlth   ..........              (no amulet)
HPRegen 0.32/turn               (no ring)
MPRegen 0.11/turn               (no ring)

@: berserking (expiring), very quick
A: horns 2, retaliatory headbutt
a: Renounce Religion, Berserk, Trog's Hand, Brothers in Arms


You were in the Dungeon.
You worshipped Trog.
Trog was greatly pleased with you.
You visited 1 branch You collected 832 gold pieces.
You spent 639 gold pieces at shops.

Inventory:

Hand Weapons
 a - a +0 hand axe (weapon)
Armour
 b - a +0 animal skin (worn)
Wands
 i - a wand of polymorph (13)
Scrolls
 h - 2 scrolls of blinking
 k - 4 scrolls of identify
 l - a scroll of magic mapping
 m - 2 scrolls of poison
 n - a scroll of silence
 o - 2 scrolls of torment {unknown}
 q - a scroll of enchant armour {unknown}
 r - a scroll of vulnerability {unknown}
Potions
 c - 3 potions of curing
 e - a potion of haste
 f - 2 potions of magic
 g - a potion of berserk rage
 j - a potion of might {unknown}
 p - 2 potions of attraction {unknown}


   Skills:
 + Level 11.5 Fighting
 * Level 15.6 Axes
 + Level 11.2 Armour
 + Level 10.3 Dodging


You had 8 spell levels left.
You didn't know any spells.
Your spell library was empty.

Dungeon Overview and Level Annotations

Branches:
Dungeon (1/1)

Altars:
Cheibriados
Dithmenos
Elyvilon
Fedhas
Gozag
Hepliaklqana
Kikubaaqudgha
Makhleb
Nemelex Xobeh
Okawaru
Qazlal
Ru
Sif Muna
Trog
Uskayaw
Vehumet
Wu Jian
Xom
Yredelemnul
Zin
The Shining One
Jiyva
Lugonu

Shops:
D *?[


Innate Abilities, Weirdness & Mutations

You have a pair of horns on your head.
You reflexively headbutt those who attack you in melee.


Message History

The centaur warrior hits you. The centaur warrior barely misses you.
The centaur warrior hits you! The centaur warrior misses you.
There is an open door, spattered with blood here.
Unknown command.
You closely miss the centaur warrior.
The centaur warrior is lightly wounded.
You hit the centaur warrior but do no damage.
The centaur warrior hits you!
* * * LOW HITPOINT WARNING * * *
The centaur warrior kicks you.
* * * LOW HITPOINT WARNING * * *
You slash the centaur warrior!
The centaur warrior is moderately wounded.
You hit the centaur warrior. The centaur warrior hits you.
* * * LOW HITPOINT WARNING * * *
The centaur warrior kicks you but does no damage.
Unknown command.
You hit the centaur warrior. You headbutt the centaur warrior!
The centaur warrior is heavily wounded.
You slash the centaur warrior! The centaur warrior hits you!
* * * LOW HITPOINT WARNING * * *
The centaur warrior kicks you but does no damage.
Unknown command.
You barely miss the centaur warrior.
The centaur warrior is heavily wounded.
You hit the centaur warrior. The centaur warrior misses you.
The centaur warrior kicks you.
* * * LOW HITPOINT WARNING * * *
Unknown command.
You barely miss the centaur warrior.
Your headbutt misses the centaur warrior.
The centaur warrior is heavily wounded.
You hit the centaur warrior. The centaur warrior hits you!
* * * LOW HITPOINT WARNING * * *
The centaur warrior completely misses you.
Unknown command.
You hit the centaur warrior but do no damage.
The centaur warrior is heavily wounded.
You hit the centaur warrior. The centaur warrior hits you!
You die...

#########################
<.#..)..#..'..#__#..')).#
..').#..').#..'..'..#...#
..#####'#####'#__####...+
..####..#...#.####§(#####
..#__####..##.#~~§§.#
..#_____##'#_.+~§§§§+
⌠⌠#_.∩...÷).._#§c~§§#
###_..__##_.#'##@####
#_____###'#.#.c§§###
###########.####§###.##
∩........'...'.....':∩#
##++++####...##########
###.### #.#'#.# #.....#
#.).(.#


You could see 2 centaur warriors.

Vanquished Creatures
  A deep troll (D)
  2 kobold demonologists (D)
  A rime drake (D)
  A slime creature (D)
  Sigmund (D)
  A yak (D)
  A floating eye (D)
  An ogre (D)
  A jelly (D)
  Ijyb (D)
11 creatures vanquished.

Vanquished Creatures (others)
  2 ballistomycete spores (D)
2 creatures vanquished.

Grand Total: 13 creatures vanquished

Notes
Turn   | Place    | Note
-------+----------+-------------------------------------------
     0 | D        | Zeld the Minotaur Berserker began the quest for the Orb.
     0 | D        | Reached XP level 1. HP: 19/19 MP: 0/0
     2 | D        | Noticed Ijyb
     6 | D        | Killed Ijyb
     7 | D        | Reached skill level 5 in Axes
     7 | D        | Reached XP level 2. HP: 28/28 MP: 1/1
   214 | D        | Noticed an ogre
   218 | D        | Killed an ogre
   219 | D        | Reached skill level 7 in Axes
   219 | D        | Reached skill level 5 in Armour
   219 | D        | Reached XP level 3. HP: 37/37 MP: 2/2
   219 | D        | Reached XP level 4. HP: 44/44 MP: 3/3
   454 | D        | Noticed Sigmund
   459 | D        | Killed Sigmund
   459 | D        | Reached ** piety under Trog
   460 | D        | Reached skill level 10 in Axes
   460 | D        | Reached XP level 5. HP: 52/52 MP: 4/4
   460 | D        | Reached XP level 6. HP: 60/60 MP: 5/5
   896 | D        | Found a burning altar of Makhleb.
   896 | D        | Found a viscous altar of Jiyva.
   896 | D        | Found a shimmering altar of Xom.
   896 | D        | Found a corrupted altar of Lugonu.
   896 | D        | Noticed a slime creature
   902 | D        | Killed a slime creature
   903 | D        | Reached skill level 11 in Axes
  1062 | D        | Noticed a kobold demonologist
  1062 | D        | Noticed a floating eye
  1064 | D        | Noticed a hellwing
  1064 | D        | Killed a floating eye
  1064 | D        | Noticed a kobold demonologist
  1065 | D        | Reached skill level 12 in Axes
  1065 | D        | Reached XP level 7. HP: 70/70 MP: 6/6
  1073 | D        | Killed a kobold demonologist
  1074 | D        | Reached skill level 13 in Axes
  1080 | D        | Killed a kobold demonologist
  1080 | D        | Reached *** piety under Trog
  1081 | D        | Reached skill level 10 in Fighting
  1081 | D        | Reached XP level 8. HP: 79/79 MP: 7/7
  1152 | D        | Found an ornate altar of the Wu Jian Council.
  1152 | D        | Found a shimmering blue altar of Sif Muna.
  1154 | D        | Found a radiant altar of Vehumet.
  1341 | D        | Found Ockeusue's Magic Scroll Emporium.
  1341 | D        | Found an ancient bone altar of Kikubaaqudgha.
  1341 | D        | Found a hazy altar of Hepliaklqana.
  1341 | D        | Found a hide-covered altar of Uskayaw.
  1341 | D        | Found a basalt altar of Yredelemnul.
  1341 | D        | Found an opulent altar of Gozag.
  1341 | D        | Found a snail-covered altar of Cheibriados.
  1341 | D        | Found a sacrificial altar of Ru.
  1341 | D        | Found a shadowy altar of Dithmenos.
  1353 | D        | Reached skill level 14 in Axes
  1353 | D        | Reached skill level 10 in Armour
  1353 | D        | Found a stormy altar of Qazlal.
  1353 | D        | Found a blossoming altar of Fedhas.
  1353 | D        | Found a bloodstained altar of Trog.
  1353 | D        | Found an iron altar of Okawaru.
  1353 | D        | Found a glowing golden altar of the Shining One.
  1353 | D        | Found a glowing silver altar of Zin.
  1353 | D        | Found a white marble altar of Elyvilon.
  1354 | D        | Found a sparkling altar of Nemelex Xobeh.
  1358 | D        | Bought a scroll of identify for 28 gold pieces
  1358 | D        | Bought a scroll of magic mapping for 105 gold pieces
  1358 | D        | Bought a scroll of identify for 28 gold pieces
  1358 | D        | Bought a scroll of poison for 56 gold pieces
  1358 | D        | Bought a scroll of silence for 133 gold pieces
  1358 | D        | Bought a scroll of poison for 56 gold pieces
  1445 | D        | Noticed Sonja
  1446 | D        | Noticed Sonja
  1446 | D        | Sonja changed into Sonja the rime drake
  1452 | D        | Killed Sonja the rime drake
  1452 | D        | Reached **** piety under Trog
  1602 | D        | Found Jinarch's Assorted Antiques.
  1610 | D        | Bought a scroll labelled PUAG WIRRAGYCSY for 19 gold pieces
  1610 | D        | Bought a scroll of identify for 38 gold pieces
  1610 | D        | Bought a scroll of blinking for 142 gold pieces
  1610 | D        | Bought 2 bubbling blue potions for 34 gold pieces
  1626 | D        | Noticed a deep troll
  1633 | D        | Killed a deep troll
  1634 | D        | Reached skill level 15 in Axes
  1634 | D        | Reached skill level 10 in Dodging
  1634 | D        | Reached XP level 9. HP: 89/89 MP: 8/8
  1659 | D        | Found Porintie's Armour Emporium.
  1784 | D        | Noticed a centaur warrior
  1784 | D        | Noticed a centaur warrior
  1796 | D        | HP: 1/133 [centaur warrior (11)]
  1797 | D        | Slain by a centaur warrior

Illustrated notes

Levels and vault maps discovered:
D:        dungeon_sprint_1 [red_sonja_temple_1, red_sonja_temple_small_1]

Skill      XL: |  1  2  3  4  5  6  7  8 |
---------------+-------------------------+-----
Fighting       | 4 6 7 9 10 11 | 11.5
Axes           | 5 7 10 12 13 15 | 15.6
Armour         | 3 5 7 8 9 11 | 11.2
Dodging        | 3 4 6 7 9 10 | 10.3

Action                   |  1- 3 |  4- 6 |  7- 9 || total
-------------------------+-------+-------+-------++-------
Melee: Hand axe          |     4 |     9 |    45 ||    58
       Unarmed           |     1 |       |       ||     1
       Headbutt          |       |     1 |     8 ||     9
Invok: Berserk           |     2 |     3 |     3 ||     8
Evoke: Wand              |       |       |     1 ||     1
  Use: Potion            |       |       |     1 ||     1
Armor: Animal skin       |       |       |     4 ||     4
Dodge: Dodged            |     2 |     2 |    23 ||    27
